 Dungeon Crawl Stone Soup version 0.21.1-1-g345015f (webtiles) character file.

1624 GoochMcTaint the Charmwright (level 8, -4/64 HPs)
             Began as a Gnoll Skald on Apr 15, 2018.
             Hit by a large rock thrown by a cyclops (26 damage)
             ... on level 8 of the Dungeon.
             The game lasted 00:19:24 (6636 turns).

GoochMcTaint the Charmwright (Gnoll Skald)          Turns: 6636, Time: 00:19:25

Health: -4/64      AC: 17    Str: 16    XL:     8   Next: 97%
Magic:  12/17      EV: 12    Int: 19    God:    Xom [....*.]
Gold:   324        SH:  0    Dex: 14    Spells: 10/19 levels left

rFire    . . .     SeeInvis .   l - +2 scythe
rCold    . . .     Gourm    .   (shield currently unavailable)
rNeg     + . .     Faith    .   e - +5 scale mail
rPois    .         Spirit   .   s - +2 helmet {Int+3}
rElec    .         Reflect  .   y - +0 cloak
rCorr    .         Harm     .   (no gloves)
MR       .....                  v - +0 pair of boots
Stlth    ++........             (no amulet)
HPRegen  1.20/turn              u - ring of stealth (curse)
MPRegen  0.15/turn              w - ring of positive energy

@: cleaving, very slightly contaminated, regenerating, drained
A: distributed training, fangs 1, strong nose
a: Renounce Religion


You were on level 8 of the Dungeon.
You worshipped Xom.
You were a beloved toy of Xom.
You were not hungry.

You visited 1 branch of the dungeon, and saw 7 of its levels.

You collected 324 gold pieces.

Inventory:

Hand Weapons
 a - a +0 spear
 l - a +2 scythe (weapon)
Armour
 e - a +5 scale mail (worn)
 s - a +2 helmet of intelligence (worn)
 v - a +0 pair of boots (worn)
 y - a +0 cloak (worn)
Jewellery
 u - a cursed ring of stealth (left hand)
 w - a ring of positive energy (right hand)
Wands
 j - a wand of flame (30)
Scrolls
 b - a scroll of amnesia {unknown}
 g - 4 scrolls of remove curse
 h - a scroll of fog {unknown}
 p - a scroll of teleportation
 r - a scroll of fear {unknown}
 t - a scroll of blinking {unknown}
 x - a scroll of identify {unknown}
Potions
 f - 2 potions of berserk rage
 i - 2 potions of agility
 k - a potion of flight {unknown}
 m - a potion of heal wounds {unknown}
 n - a potion of mutation {unknown}
 o - a potion of cancellation {unknown}
 q - a potion of experience {unknown}
Books
 c - a book of Battle

   Spells                             Type                      Level
   a - Infusion                       Charms                       1
   b - Shroud of Golubria             Charms/Translocation         2
   c - Song of Slaying                Charms                       2
   d - Spectral Weapon                Hexes/Charms                 3
   e - Regeneration                   Charms/Necromancy            3
Comestibles
 d - 8 rations


   Skills:
 + Level 5.9(5.7) Fighting
 + Level 3.6(3.4) Short Blades
 + Level 3.6(3.4) Long Blades
 + Level 3.6(3.4) Axes
 + Level 3.6(3.4) Maces & Flails
 + Level 5.9(5.7) Polearms
 + Level 3.6(3.4) Staves
 + Level 3.6(3.4) Slings
 + Level 3.6(3.4) Bows
 + Level 3.6(3.4) Crossbows
 + Level 3.6(3.4) Throwing
 + Level 4.5(4.3) Armour
 + Level 5.9(5.7) Dodging
 + Level 3.6(3.4) Stealth
 + Level 3.6(3.4) Shields
 + Level 3.6(3.4) Unarmed Combat
 + Level 6.2(6.0) Spellcasting
 + Level 3.0(2.8) Conjurations
 + Level 3.0(2.8) Hexes
 + Level 6.3(6.1) Charms
 + Level 3.0(2.8) Summonings
 + Level 3.0(2.8) Necromancy
 + Level 3.0(2.8) Translocations
 + Level 3.0(2.8) Transmutations
 + Level 3.0(2.8) Fire Magic
 + Level 3.0(2.8) Ice Magic
 + Level 3.0(2.8) Air Magic
 + Level 3.0(2.8) Earth Magic
 + Level 3.0(2.8) Poison Magic
 + Level 4.0(3.8) Invocations
 + Level 3.6(3.4) Evocations


You had 10 spell levels left.
You knew the following spells:

 Your Spells              Type           Power        Failure   Level  Hunger
a - Infusion              Chrm           ####         3%          1    None
b - Song of Slaying       Chrm           ####....     4%          2    None
c - Regeneration          Chrm/Necr      ###.......   19%         3    ##.....
d - Spectral Weapon       Hex/Chrm       ###.....     19%         3    ##.....


Dungeon Overview and Level Annotations

Branches:
Dungeon (6/15)             Temple (0/1) D:5

Altars:
Hepliaklqana
Nemelex Xobeh
Xom
Zin


Innate Abilities, Weirdness & Mutations

Your experience applies equally to all skills.
You have very sharp teeth.
Your uncanny sense of smell can sniff out nearby items.


Message History

Confirm with . or Enter, or press ? or * to list all spells.
Okay, then.
Okay, then.
Casting: Infusion
Confirm with . or Enter, or press ? or * to list all spells.
Your skin crawls.
Casting: Regeneration
Confirm with . or Enter, or press ? or * to list all spells.
You miscast Spectral Weapon.
You are very lightly contaminated with residual magic.
You feel off-balance for a moment. The hound closely misses you.
You slash the hound!
The hound is severely wounded.
The hound barely misses you. The hound bites you but does no damage.
You slice the hound!!
You kill the hound!
You swap places.
The cyclops throws a large rock.
The large rock hits you!!
You die...
Xom is highly amused!

.. .# ...∆ .##
...#########...
..:.........######
......[..........#
.......@....b....#
............<....#
......b..........#
...bb..(.........#
.......C.........#
.................#
............#####..
.............. .
###.........###


You could see a cyclops.

Vanquished Creatures
  Sigmund (D:2)
  An ice beast (D:6)
  6 ogres
  A necrophage (D:6)
  2 centaurs
  A bullfrog (D:8)
  A quasit (D:6)
  3 orc priests
  2 hounds
  2 iguanas (D:4)
  Natasha (thrice) (D:2 D:3)
  2 orc wizards
  2 worker ants
  A hound skeleton (D:6)
  6 adders
  3 oozes
  A worm (D:5)
  An adder skeleton (D:5)
  2 dart slugs (D:3)
  6 leopard geckos
  13 orcs
  3 ball pythons
  7 bats
  12 giant cockroaches
  5 goblins
  6 hobgoblins
  5 jackals (D:4)
  5 frilled lizards
  A giant cockroach zombie (D:6)
  12 kobolds
  A quokka zombie (D:5)
  4 rats
121 creatures vanquished.

Vanquished Creatures (collateral kills)
  An orc (D:5)
1 creature vanquished.

Grand Total: 122 creatures vanquished

Notes
Turn   | Place    | Note
-------+----------+-------------------------------------------
     0 | D:1      | GoochMcTaint the Gnoll Skald began the quest for the Orb.
     0 | D:1      | Reached XP level 1. HP: 20/20 MP: 6/6
   228 | D:1      | Reached XP level 2. HP: 22/26 MP: 7/7
   930 | D:2      | Noticed Natasha
   937 | D:2      | Killed Natasha
   937 | D:2      | Reached skill level 5 in Spellcasting
   937 | D:2      | Reached skill level 1 in Invocations
   937 | D:2      | Reached XP level 3. HP: 24/31 MP: 2/9
  1059 | D:2      | Reached skill level 1 in Short Blades
  1059 | D:2      | Reached skill level 1 in Long Blades
  1059 | D:2      | Reached skill level 1 in Axes
  1059 | D:2      | Reached skill level 1 in Maces & Flails
  1059 | D:2      | Reached skill level 1 in Staves
  1059 | D:2      | Reached skill level 1 in Slings
  1059 | D:2      | Reached skill level 1 in Bows
  1059 | D:2      | Reached skill level 1 in Crossbows
  1059 | D:2      | Reached skill level 1 in Throwing
  1059 | D:2      | Reached skill level 1 in Stealth
  1059 | D:2      | Reached skill level 1 in Shields
  1059 | D:2      | Reached skill level 1 in Unarmed Combat
  1059 | D:2      | Reached skill level 1 in Evocations
  1076 | D:2      | Found a faded altar of an unknown god.
  1078 | D:2      | Reached XP level 4. HP: 38/38 MP: 11/11
  1085 | D:2      | Became a worshipper of Xom of Chaos
  1220 | D:2      | Noticed Natasha
  1226 | D:2      | Killed Natasha
  1226 | D:2      | Reached skill level 1 in Conjurations
  1226 | D:2      | Reached skill level 1 in Hexes
  1226 | D:2      | Reached skill level 1 in Summonings
  1226 | D:2      | Reached skill level 1 in Necromancy
  1226 | D:2      | Reached skill level 1 in Translocations
  1226 | D:2      | Reached skill level 1 in Transmutations
  1226 | D:2      | Reached skill level 1 in Fire Magic
  1226 | D:2      | Reached skill level 1 in Ice Magic
  1226 | D:2      | Reached skill level 1 in Air Magic
  1226 | D:2      | Reached skill level 1 in Earth Magic
  1226 | D:2      | Reached skill level 1 in Poison Magic
  1240 | D:2      | XOM: harmless Tmut miscast
  1266 | D:2      | XOM: potion effect (curing)
  1272 | D:2      | Reached XP level 5. HP: 27/43 MP: 12/12
  1426 | D:2      | Noticed Sigmund
  1436 | D:2      | XOM: potion effect (invisibility)
  1445 | D:2      | Killed Sigmund
  1445 | D:2      | Reached XP level 6. HP: 34/50 MP: 7/13
  1861 | D:3      | Noticed Natasha
  1865 | D:3      | XOM: potion effect (agility)
  1866 | D:3      | Killed Natasha
  1881 | D:3      | Reached skill level 5 in Fighting
  1881 | D:3      | Reached skill level 5 in Polearms
  1881 | D:3      | Reached skill level 5 in Dodging
  2126 | D:3      | XOM: harmless Air miscast
  2332 | D:3      | XOM: divination: magic mapping
  2634 | D:3      | XOM: mild Ice miscast
  2841 | D:4      | XOM is BORED!
  2841 | D:4      | XOM: noise
  2868 | D:4      | Reached XP level 7. HP: 5/56 MP: 15/15
  3380 | D:4      | Learned a level 2 spell: Song of Slaying
  3404 | D:4      | Learned a level 3 spell: Regeneration
  3408 | D:4      | Learned a level 3 spell: Spectral Weapon
  3611 | D:4      | XOM: harmless Necr miscast
  3619 | D:4      | Found a sparkling altar of Nemelex Xobeh.
  3629 | D:4      | XOM: harmless Summ miscast
  3641 | D:4      | XOM: noise
  3761 | D:4      | XOM: smoke on damage
  3765 | D:4      | HP: 1/56 [ogre/giant club (20)]
  3769 | D:4      | Reached XP level 8. HP: 15/63 MP: 16/16
  4360 | D:5      | Entered Level 5 of the Dungeon
  4407 | D:5      | XOM: harmless Tmut miscast
  4450 | D:5      | Found a staircase to the Ecumenical Temple.
  4480 | D:5      | XOM: noise
  4522 | D:5      | XOM: summons friendly iron imp
  5270 | D:5      | XOM: divination: detect creatures
  5325 | D:5      | Found a glowing silver altar of Zin.
  5325 | D:5      | Noticed an angel
  5328 | D:5      | XOM: harmless Tloc miscast
  5456 | D:5      | XOM: scenery: 2 doors close
  5554 | D:5      | XOM is BORED!
  5733 | D:6      | XOM: cloud trail
  6069 | D:6      | Found a hazy altar of Hepliaklqana.
  6214 | D:6      | XOM: scenery: create altars
  6399 | D:6      | XOM: 3-stop teleportation journey
  6604 | D:6      | XOM: harmless Ice miscast
  6622 | D:6      | You fall through a shaft for 2 floors!
  6626 | D:8      | Noticed a cyclops
  6627 | D:8      | XOM: cleaving
  6627 | D:8      | XOM: butterfly on damage
  6636 | D:8      | Hit by a large rock thrown by a cyclops

Skill      XL: |  1  2  3  4  5  6  7  8 |
---------------+-------------------------+-----
Spellcasting   | 5 6 |  6.2
Invocations    | 1 2 3 4 |  4.0
Short Blades   | 1 2 3 |  3.6
Long Blades    | 1 2 3 |  3.6
Axes           | 1 2 3 |  3.6
Maces & Flails | 1 2 3 |  3.6
Staves         | 1 2 3 |  3.6
Slings         | 1 2 3 |  3.6
Bows           | 1 2 3 |  3.6
Crossbows      | 1 2 3 |  3.6
Throwing       | 1 2 3 |  3.6
Stealth        | 1 2 3 |  3.6
Shields        | 1 2 3 |  3.6
Unarmed Combat | 1 2 3 |  3.6
Evocations     | 1 2 3 |  3.6
Conjurations   | 1 2 3 |  3.0
Hexes          | 1 2 3 |  3.0
Summonings     | 1 2 3 |  3.0
Necromancy     | 1 2 3 |  3.0
Translocations | 1 2 3 |  3.0
Transmutations | 1 2 3 |  3.0
Fire Magic     | 1 2 3 |  3.0
Ice Magic      | 1 2 3 |  3.0
Air Magic      | 1 2 3 |  3.0
Earth Magic    | 1 2 3 |  3.0
Poison Magic   | 1 2 3 |  3.0
Armour         | 3 4 |  4.5
Fighting       | 5 |  5.9
Polearms       | 5 |  5.9
Dodging        | 5 |  5.9
Charms         | 6 |  6.3

Action                   |  1- 3 |  4- 6 |  7- 9 || total
-------------------------+-------+-------+-------++-------
Melee: Spear             |   118 |    55 |       ||   173
       Bite              |    20 |    14 |    22 ||    56
       Punch             |       |     1 |       ||     1
       Scythe            |       |   127 |   152 ||   279
 Cast: Infusion          |     1 |     2 |     3 ||     6
       Song of Slaying   |       |       |     3 ||     3
       Regeneration      |       |       |     3 ||     3
       Spectral Weapon   |       |       |     1 ||     1
  Use: Scroll            |       |     2 |     8 ||    10
       Potion            |       |       |     3 ||     3
 Stab: Invisible         |       |     2 |       ||     2
       Sleeping          |       |       |     7 ||     7
  Eat: Chunk             |       |     6 |     3 ||     9
       Ration            |       |     1 |     2 ||     3
Armor: Scale mail        |    38 |    90 |    81 ||   209
Dodge: Dodged            |    75 |   180 |   135 ||   390
